 Dungeon Crawl Stone Soup version 0.29-a0-473-gacb4ef3bc5 (webtiles) character file.

Game seed: 3311796321114899181

1161 CrazyBamboolord the Chopper (level 8, -2/72 HPs)
             Began as a Deep Dwarf Fighter on May 23, 2022.
             Slain by a gnoll
             ... wielding a +0 flail
             ... led by a gnoll sergeant
              (5 damage)
             ... on level 5 of the Dungeon.
             The game lasted 00:09:17 (3658 turns).

CrazyBamboolord the Chopper (Deep Dwarf Fighter)    Turns: 3658, Time: 00:09:18

Health: -2/72      AC: 10    Str: 22    XL:     8   Next: 16%
Magic:  8/8        EV:  9    Int:  9    God:
Gold:   94         SH:  5    Dex: 12    Spells: 7/7 levels left

rFire   + . .      SeeInvis .   a - +2 war axe
rCold   x . .      Faith    .   c - +0 buckler
rNeg    . . .      Spirit   .   b - +0 scale mail
rPois   .          Reflect  .   (no helmet)
rElec   .          Harm     .   (no cloak)
rCorr   .          Rampage  .   w - +0 pair of gloves
Will    +....                   v - +0 pair of boots
Stlth   ..........              (no amulet)
HPRegen 0.00/turn               q - ring of fire
MPRegen 0.11/turn               (no ring)

@: no status effects
A: damage resistance, heal wounds, sense surroundings 1, no regeneration
a: Heal Wounds


You were on level 5 of the Dungeon.
You visited 1 branch of the dungeon, and saw 5 of its levels.

You collected 192 gold pieces.
You spent 98 gold pieces at shops.

Inventory:

Hand Weapons
 a - a +2 war axe (weapon)
Missiles
 u - 39 stones (quivered)
Armour
 b - a +0 scale mail (worn)
 c - a +0 buckler (worn)
 v - a +0 pair of boots (worn)
 w - a +0 pair of gloves (worn)
Jewellery
 q - a ring of fire (left hand)
 A - a +6 ring of dexterity
 B - a ring of poison resistance
 D - a ring of willpower
Scrolls
 d - a scroll of identify
 f - a scroll of amnesia {unknown}
 i - a scroll of acquirement {unknown}
 k - a scroll of vulnerability {unknown}
 n - 2 scrolls of summoning {unknown}
 r - 2 scrolls of teleportation
 s - a scroll of magic mapping {unknown}
 x - a scroll of fog {unknown}
 y - a scroll of poison {unknown}
 z - a scroll of fear {unknown}
 C - a scroll of enchant weapon
Potions
 e - a potion of curing
 g - 2 potions of cancellation {unknown}
 h - 4 potions of attraction {unknown}
 j - 2 potions of heal wounds {unknown}
 l - a potion of mutation {unknown}
 m - 3 potions of flight {unknown}
 o - 2 potions of ambrosia {unknown}
 p - a potion of resistance {unknown}
 t - 2 potions of invisibility {unknown}


   Skills:
 * Level 4.3 Fighting
 * Level 7.6 Axes
 * Level 6.1 Armour
 * Level 5.1 Shields


You had 7 spell levels left.
You didn't know any spells.
Your spell library was empty.

Dungeon Overview and Level Annotations

Branches:
Dungeon (5/15)
 Temple: D:4-7

Altars:
Dithmenos
Gozag
Hepliaklqana
Nemelex Xobeh

Shops:
D:2 [   D:4 *?=[


Innate Abilities, Weirdness & Mutations

You are resistant to damage.
You can heal yourself by infusing magical energy.
You passively map a small area around you.
You do not regenerate.


Message History

You closely miss the gnoll. The gnoll hits you but does no damage.
The gnoll hits you with a +0 flail.
You hit the gnoll.
The gnoll is moderately wounded.
The gnoll hits you but does no damage. x2; The gnoll hits you with a +0 flail.
The gnoll hits you from afar with a +0 spear.
* * * LOW HITPOINT WARNING * * *
You closely miss the gnoll.
The gnoll is moderately wounded.
The gnoll hits you but does no damage. The gnoll hits you with a +0 flail.
* * * LOW HITPOINT WARNING * * *
The gnoll attacks as you move away! You block the gnoll's attack.
The gnoll attacks as you move away! The gnoll hits you with a +0 flail.
* * * LOW HITPOINT WARNING * * *
The gnoll attacks as you move away! The gnoll closely misses you.
You see here a +0 leather armour.
The gnoll hits you with a +0 flail.
Really walk into that dispersal trap?
You enter a dispersal trap!
The gnoll blinks! x4; You blink.
The gnoll attacks as you move away! The gnoll misses you.
The gnoll attacks as you move away! The gnoll barely misses you.
The gnoll attacks as you move away! The gnoll closely misses you.
The gnoll attacks as you move away! The gnoll hits you but does no damage.
The gnoll attacks as you move away! The gnoll closely misses you.
The gnoll attacks as you move away! The gnoll closely misses you.
The gnoll attacks as you move away! The gnoll barely misses you.
The gnoll attacks as you move away! The gnoll hits you with a +0 flail.
* * * LOW HITPOINT WARNING * * *
The gnoll attacks as you move away! The gnoll hits you with a +0 flail.
* * * LOW HITPOINT WARNING * * *
You see here 2 poisoned darts.
The gnoll attacks as you move away! You block the gnoll's attack.
You barely miss the gnoll.
The gnoll is moderately wounded.
The gnoll hits you with a +0 flail.
* * * LOW HITPOINT WARNING * * *
You hit the gnoll.
The gnoll is almost dead.
The gnoll hits you but does no damage. The gnoll hits you with a +0 flail!
You die...

###########.......###......#,
#........##.............####
#.######.##.............# *
#.# #.##.............# , #.#
#.##....#.######.#....# #.#
#.#######.# *.#....# #.#
#.........# *.#....#
#.####################*.#....#
#..............@ggg.#., #....#
###################.#. #....#
#.#.###....# #g#.^......#
#g####.[...# #.# #g...## #.#
#g#.## #.# #.#.# #.####.#.#


You could see 3 gnolls.

Vanquished Creatures
  Pikel (D:4)
  A phantom (D:4)
  3 lemures (D:4)
  A gnoll sergeant (D:5)
  A scorpion (D:4)
  3 vampire bats (D:3)
  A howler monkey (D:4)
  A gnoll shaman (D:4)
  An orc priest (D:5)
  2 hounds (D:5)
  2 orc wizards
  6 gnolls
  5 adders
  A worm (D:4)
  2 dart slugs
  12 orcs
  13 bats
  8 endoplasms
  4 giant cockroaches
  7 goblins
  8 hobgoblins
  5 jackals (D:4)
  7 kobolds
  3 quokkas
  5 ball pythons
  7 frilled lizards
  5 rats
115 creatures vanquished.

Vanquished Creatures (others)
  4 toadstools (D:1)
4 creatures vanquished.

Grand Total: 119 creatures vanquished

Notes
Turn   | Place    | Note
-------+----------+-------------------------------------------
     0 | D:1      | CrazyBamboolord the Deep Dwarf Fighter began the quest for
                  | the Orb.
     0 | D:1      | Reached XP level 1. HP: 20/20 MP: 1/1
   169 | D:1      | Reached XP level 2. HP: 24/27 MP: 2/2
   648 | D:1      | Found a faded altar of an unknown god.
   655 | D:1      | Reached XP level 3. HP: 12/33 MP: 3/3
  1002 | D:2      | Reached skill level 3 in Axes
  1089 | D:2      | Reached XP level 4. HP: 28/42 MP: 4/4
  1265 | D:2      | Found Mangaq's Armour Emporium.
  1270 | D:2      | Bought a +0 pair of boots for 49 gold pieces
  1270 | D:2      | Bought a +0 pair of gloves for 49 gold pieces
  1743 | D:3      | Found a shadowy altar of Dithmenos.
  1751 | D:3      | Found a sparkling altar of Nemelex Xobeh.
  1751 | D:3      | Found an opulent altar of Gozag.
  1868 | D:3      | Reached skill level 4 in Axes
  2153 | D:3      | Found a hazy altar of Hepliaklqana.
  2240 | D:3      | Reached XP level 5. HP: 47/49 MP: 5/5
  2263 | D:3      | Reached skill level 5 in Axes
  2553 | D:4      | Noticed a lemure
  2553 | D:4      | Noticed a lemure
  2554 | D:4      | Noticed a lemure
  2559 | D:4      | Noticed a lemure
  2565 | D:4      | Killed a lemure
  2567 | D:4      | Noticed Pikel
  2570 | D:4      | Killed a lemure
  2577 | D:4      | Killed a lemure
  2619 | D:4      | Killed Pikel
  2620 | D:4      | Reached skill level 6 in Axes
  2620 | D:4      | Reached skill level 5 in Armour
  2620 | D:4      | Reached XP level 6. HP: 45/57 MP: 6/6
  2620 | D:4      | Reached XP level 7. HP: 50/63 MP: 7/7
  2856 | D:4      | Found Riloxus's Magic Scroll Boutique.
  2869 | D:4      | Found Agaok's General Store.
  3049 | D:4      | Found Zeomyif's Jewellery Emporium.
  3069 | D:4      | Found Zebbauni's Armour Shop.
  3079 | D:4      | Reached skill level 7 in Axes
  3216 | D:4      | Reached skill level 5 in Shields
  3296 | D:5      | Entered Level 5 of the Dungeon
  3386 | D:5      | Reached XP level 8. HP: 43/72 MP: 8/8
  3657 | D:5      | HP: 3/72 [gnoll/+0 flail[a gnoll sergeant] (2)]
  3658 | D:5      | Slain by a gnoll

Illustrated notes

Levels and vault maps discovered:
D:1:      ldierk_walled_garden_2, layout_basic,
          dreamdust_ecumenical_altar_statues
D:2:      layout_loops_cross, serial_shops, nicolae_shop_hallway_plus,
          kennysheep_another_room, minmay_misc_feat_five
D:3:      layout_loops_ring, nzn_hepliaklqana_mist_gate,
          grunt_temple_overflow_open, roderic_batcave, serial_park_tiny_2,
          minmay_misc_feat_enclosed, minivault_11, minmay_hedge_maze,
          dreamdust_princess_corridor, grunt_ministairs_13
D:4:      layout_loops_ring, serial_shops, shop, nicolae_shop_statue_plus,
          nicolae_shop_hallway_plus, shop, grunt_decor_arrowhead, uniq_pikel
D:5:      layout_basic

Skill      XL: |  1  2  3  4  5  6  7  8 |
---------------+-------------------------+-----
Axes           | 3 4 6 7 |  7.6
Fighting       | 3 4 |  4.3
Armour         | 4 5 6 |  6.1
Shields        | 4 5 |  5.1

Action                   |  1- 3 |  4- 6 |  7- 9 || total
-------------------------+-------+-------+-------++-------
Melee: War axe           |   126 |   127 |   133 ||   386
 Abil: Heal Wounds       |     1 |     2 |     1 ||     4
  Use: Scroll            |       |     3 |     2 ||     5
       Potion            |       |     1 |     3 ||     4
Armor: Scale mail        |    59 |    85 |    66 ||   210
Dodge: Dodged            |    94 |    63 |    55 ||   212
Block: Buckler           |    33 |    41 |    32 ||   106

Table legend: (Time is in decaauts)
 A = Elapsed time spent in this place.
 B = Non-inter-level travel time spent in this place.
 C = Inter-level travel time spent in this place.
 D = Time resting spent in this place.
 E = Time spent auto-exploring this place.
 F = Levels seen in this place.
 G = Mean time per level.
                   A        B        C        D        E       F      G
               +--------+--------+--------+--------+--------+-----+--------+
         Total |   3775 |   3544 |    231 |      0 |   2564 |   5 |  755.0 |
       Dungeon |   3775 |   3544 |    231 |      0 |   2564 |   5 |  755.0 |
               +--------+--------+--------+--------+--------+-----+--------+

Top non-repeatable levels by time:
     D:1: 1039 daAuts
     D:3: 872 daAuts
     D:4: 775 daAuts
     D:2: 716 daAuts
     D:5: 371 daAuts
